 Dungeon Crawl Stone Soup version 0.29.1-13-g9f3cf754e1 (webtiles) character file.

Game seed: 4334518652151336682

27 Hrothgar the Gusty (level 2, -1/16 HPs)
             Began as a Felid Air Elementalist on Feb 8, 2023.
             Was a Follower of Uskayaw.
             Killed from afar by Sigmund (5 damage)
             ... with a magic dart
             ... on level 2 of the Dungeon.
             The game lasted 00:03:36 (1243 turns).

Hrothgar the Gusty (Felid Air Elementalist)         Turns: 1243, Time: 00:03:37

Health: -1/16      AC:  1    Str:  4    XL:     2   Next: 93%
Magic:  0/6        EV: 17    Int: 16    God:    Uskayaw [*.....]
Gold:   92         SH:  0    Dex: 16    Spells: 2/5 levels left
                                        Lives:  0   Deaths: 0

rFire   . . .      SeeInvis +   (weapon unavailable)
rCold   . . .      Faith    .   (shield unavailable)
rNeg    . . .      Spirit   +   (body armour unavailable)
rPois   .          Reflect  .   (helmet unavailable)
rElec   .          Harm     .   (cloak unavailable)
rCorr   .          Rampage  .   (gloves unavailable)
Will    .....                   (boots unavailable)
Stlth   ..........              g - amulet of guardian spirit
HPRegen 0.05/turn               (no ring)
MPRegen 0.10/turn               (no ring)

@: berserking, very quick
A: very small, claws 1, fangs 3, see invisible, speed 1, shaggy fur 1, stealthy
paws, no weapons or thrown items, no armour, multi-lived
a: Renounce Religion, Stomp


You were on level 2 of the Dungeon.
You worshipped Uskayaw.
Uskayaw was noncommittal.
You visited 1 branch of the dungeon, and saw 2 of its levels.

You collected 92 gold pieces.

Inventory:

Jewellery
 g - an amulet of guardian spirit (around neck)
Scrolls
 c - a scroll of vulnerability {unknown}
 d - a scroll of identify
 f - a scroll of fear {unknown}
 h - a scroll of teleportation {unknown}
Potions
 a - a potion of magic
 b - a potion of berserk rage
 e - a potion of cancellation {unknown}


   Skills:
 * Level 0.3 Fighting
 * Level 2.8 Dodging
 * Level 2.8 Stealth
 * Level 0.4 Unarmed Combat
 * Level 2.1 Spellcasting
 * Level 1.3 Conjurations
 * Level 3.2 Air Magic
 * Level 0.1 Invocations


You had 2 spell levels left.
You knew the following spells:

 Your Spells              Type           Power      Damage    Failure   Level
a - Shock                 Conj/Air       36%        1d5       9%          1
b - Static Discharge      Conj/Air       9%         3-5/arc   12%         2

Your spell library contained the following spells:

 Spells                   Type           Power      Damage    Failure   Level
 Swiftness                Air            12%        N/A       16%         3
 Airstrike                Air            6%         2d(1-17)  47%         4


Dungeon Overview and Level Annotations

Branches:
Dungeon (2/15)

Altars:
Uskayaw

Annotations:
D:2 Sigmund


Innate Abilities, Weirdness & Mutations

You have sharp claws.
You have razor-sharp teeth.
You have supernaturally acute eyesight. (SInv)
You cover ground quickly. (Speed+)
You are covered in fur. (AC +1)
Your paws help you pounce on unaware monsters.
You are incapable of wielding weapons or throwing items.
You cannot wear armour.
You gain extra lives every three experience levels.


Message History

You now have 92 gold pieces (gained 5).
Found a +0 dagger.
You see here a +0 dagger.
A ball python comes into view.
The ball python hisses angrily.
A giant cockroach comes into view.
Casting: Static Discharge (safe; 12% risk of failure)
Press: ? - help, Q - select action, (/) - cycle Dir - look around, f - activate The ball python is struck by an arc of lightning.
You kill the ball python!
You are struck by an arc of lightning.
Casting: Static Discharge (safe; 12% risk of failure)
Press: ? - help, Q - select action, (/) - cycle Dir - look around, f - activate The giant cockroach is struck by an arc of lightning.
You kill the giant cockroach!
You are struck by an arc of lightning.
You can now pass through a line of other dancers.
You can no longer pass through a line of other dancers.
Found a stone staircase leading down.
You open the door.
There is an open door here.
Sigmund the Dreaded comes into view.
He is wielding a +0 scythe.
Sigmund shouts!
A kobold comes into view. It is wielding a +0 whip.
Found a scroll labelled ARERUS DEEHIEG.
A rat comes into view.
A red film seems to cover your vision as you go berserk!
You feel yourself moving faster!
You feel mighty! Sigmund casts a spell at you. The magic dart hits you!
* * * LOW HITPOINT WARNING * * *
You feel a strong urge to attack something.
Sigmund closely misses you.
You claw Sigmund!
Sigmund is moderately wounded.
You closely miss Sigmund.
Sigmund is moderately wounded.
Sigmund gestures at you while chanting. The magic dart hits you!
You die...

###'#.....####.#
#.###........#
###...#.#...####
..###'#'###....#
............##.##
####........##..# ###+
#).#........###.###.....
.⌠..##......# #.........
...⌠.#......# ##@.K.....
⌠....#......# #.@......
..⌠. #......# #........
# ........# #...r....
####........# #...###..
)))...####### #..?#
...#.# #.##### #...#
#.... #÷# ##### #...####
#.##### #### #.#....##


You could see Sigmund, a kobold and a rat.

Vanquished Creatures
  A ball python (D:2)
  3 endoplasms
  A giant cockroach (D:2)
  5 goblins
  3 hobgoblins
  2 bats
  5 kobolds
  3 rats
23 creatures vanquished.

Notes
Turn   | Place    | Note
-------+----------+-------------------------------------------
     0 | D:1      | Hrothgar the Felid Air Elementalist began the quest for the
                  | Orb.
     0 | D:1      | Reached XP level 1. HP: 7/7 MP: 4/4
   340 | D:1      | Found a faded altar of an unknown god.
   346 | D:1      | Prayed at the altar of an unknown god.
   346 | D:1      | Became a worshipper of Uskayaw the Reveller
   346 | D:1      | Reached * piety under Uskayaw
   359 | D:1      | Reached ** piety under Uskayaw
   370 | D:1      | Reached skill level 3 in Air Magic
   479 | D:1      | Reached skill level 1 in Conjurations
   479 | D:1      | Reached XP level 2. HP: 11/11 MP: 6/6
   482 | D:1      | Learned a level 2 spell: Static Discharge
   593 | D:2      | Identified the +2 mace of Crystal {flame, SInv}
   714 | D:2      | Reached *** piety under Uskayaw
  1236 | D:2      | Noticed Sigmund
  1243 | D:2      | Killed from afar by Sigmund

Illustrated notes

Levels and vault maps discovered:
D:1:      dpeg_arrival_pond, layout_basic,
          dreamdust_ecumenical_altar_angels_and_demons, minmay_box_of_dots
D:2:      layout_basic, minmay_hexomino_c4, uniq_sigmund

Skill      XL: |  1 |
---------------+----+-----
Air Magic      | 3 |  3.2
Conjurations   | 1 |  1.3
Fighting       | |  0.3
Dodging        | |  2.8
Stealth        | |  2.8
Unarmed Combat | |  0.4
Spellcasting   | |  2.1
Invocations    | |  0.1

Action                   || total
-------------------------++-------
Melee: Unarmed           ||    10
 Cast: Shock             ||     6
       Static Discharge  ||    11
  Use: Scroll            ||     1
       Potion            ||     2
 Stab: Sleeping          ||     3
Dodge: Dodged            ||    20
